 Dungeon Crawl Stone Soup version 0.27-a0-448-gace5c5693b (webtiles) character file.

Game seed: 137617357120362036

111652 vishdafish the Blocker (level 16, -5/129 HPs)
             Began as a Gnoll Fighter on Feb 26, 2021.
             Was the Champion of Yredelemnul.
             Killed from afar by a titan (39 damage)
             ... with a bolt of lightning
             ... on level 1 of the Depths on Feb 27, 2021.
             The game lasted 01:24:06 (38439 turns).

vishdafish the Blocker (Gnoll Fighter)             Turns: 38439, Time: 01:24:08

Health: -5/129     AC: 29    Str: 18    XL:     16   Next: 58%
Magic:  39/39      EV: 10    Int: 18    God:    Yredelemnul [******]
Gold:   3291       SH: 14    Dex: 12    Spells: 36/36 levels left

rFire    + . .     SeeInvis +   C - +3 war axe (freeze)
rCold    + + .     Faith    .   T - +2 buckler of Poor Excuses {rC+ Int+3 SInv}
rNeg     . . .     Spirit   .   z - +0 gold dragon scales "Zagg" {rPois rF+ rC+ Stlth+}
rPois    +         Reflect  +   u - +2 helmet
rElec    .         Harm     .   Y - +2 cloak {Stlth+}
rCorr    .         Rampage  .   K - +0 pair of gloves {Stlth+}
Will     +....     Rnd*Rage +   (no boots)
Stlth    ..........             M - amulet of reflection
HPRegen  0.31/turn              I - ring "Bunipres" {*Drain MP+9 Int+3 Slay+5 Stlth-}
MPRegen  0.26/turn              F - ring of Dyup {*Slow rPois EV+4 Str+3 Int-3 Slay+4}

@: no status effects
A: distributed training, fangs 1, slimy green scales 1, berserk 1, strong nose
a: Renounce Religion, Recall Undead Slaves, Injury Mirror, Animate Dead, Drain
Life, Enslave Soul


You were on level 1 of the Depths.
You worshipped Yredelemnul.
Yredelemnul was exalted by your worship.
You visited 5 branches of the dungeon, and saw 25 of its levels.
You also visited: Bailey and Gauntlet.

You collected 4784 gold pieces.
You spent 1493 gold pieces at shops.

Inventory:

Hand Weapons
 l - a +5 trident
 C - a +3 war axe of freezing (weapon)
 X - a +7 great mace
Missiles
 A - 8 datura-tipped darts
 Z - 7 javelins (quivered)
Armour
 u - a +2 helmet (worn)
 z - the +0 gold dragon scales "Zagg" (worn) {rPois rF+ rC+ Stlth+}
   (You found it on level 6 of the Lair of Beasts)

   It protects you from fire.
   It protects you from cold.
   It protects you from poison.
   It makes you more stealthy.
 K - a +0 pair of gloves of stealth (worn)
 L - the +2 ratskin cloak {*Rats rPois rN+ Str-1 Int-1 Dex+1}
   (You found it on level 9 of the Dungeon)

   It affects your strength (-1).
   It affects your intelligence (-1).
   It affects your dexterity (+1).
   It protects you from poison.
   It protects you from negative energy.
 T - the +2 buckler of Poor Excuses (worn) {rC+ Int+3 SInv}
   (You bought it in a shop on level 11 of the Dungeon)

   It affects your intelligence (+3).
   It protects you from cold.
   It lets you see invisible.
 Y - a +2 cloak of stealth (worn)
Jewellery
 d - a ring of wizardry
 o - a +4 ring of protection
 p - the ring of Qumnusev {+Fly rF++ AC+4 Str-5 Int+4}
   (You found it in a Gauntlet)

   [ring of protection]

   It affects your AC (+4).
   It affects your strength (-5).
   It affects your intelligence (+4).
   It greatly protects you from fire.
   It lets you fly.
 s - a +4 ring of evasion
 F - the ring of Dyup (right hand) {*Slow rPois EV+4 Str+3 Int-3 Slay+4}
   (You found it on level 6 of the Lair of Beasts)

   [ring of evasion]

   It affects your evasion (+4).
   It affects your strength (+3).
   It affects your intelligence (-3).
   It affects your accuracy and damage with ranged weapons and melee attacks
   (+4).
   It protects you from poison.
   It may slow you when you take damage.
 I - the ring "Bunipres" (left hand) {*Drain MP+9 Int+3 Slay+5 Stlth-}
   (You bought it in a shop on level 2 of the Orcish Mines)

   [ring of magical power]

   It affects your intelligence (+3).
   It affects your accuracy and damage with ranged weapons and melee attacks
   (+5).
   It affects your magic capacity (+9).
   It causes draining when unequipped.
   It makes you less stealthy.
 M - an amulet of reflection (around neck)
 Q - a ring of wizardry
 U - a ring of protection from fire
Wands
 J - a wand of digging (6)
 S - a wand of mindburst (13)
 V - a wand of charming (9)
Scrolls
 b - a scroll of holy word
 c - a scroll of fog
 e - 5 scrolls of blinking
 g - 10 scrolls of enchant armour
 h - 6 scrolls of immolation
 i - 7 scrolls of fear
 k - 13 scrolls of teleportation
 m - a scroll of fog
 r - 3 scrolls of magic mapping
 v - 5 scrolls of enchant weapon
 x - 6 scrolls of amnesia
 y - a scroll of torment
 B - a scroll of summoning
 E - 2 scrolls of silence
 N - a scroll of vulnerability {unknown}
 R - a scroll of brand weapon
Potions
 a - 2 potions of magic
 f - 2 potions of mutation
 j - 4 potions of attraction
 n - 2 potions of brilliance
 q - 2 potions of invisibility
 t - 3 potions of haste
 w - 6 potions of flight
 D - 6 potions of curing
 G - 2 potions of lignification
 H - 4 potions of resistance
 O - 2 potions of berserk rage
 W - 2 potions of cancellation
Miscellaneous
 P - a condenser vane (inert)


   Skills:
 + Level 12.4 Fighting
 + Level 10.9 Short Blades
 + Level 10.9 Long Blades
 + Level 11.7 Axes
 + Level 10.9 Maces & Flails
 + Level 10.9 Polearms
 + Level 10.9 Staves
 + Level 10.9 Slings
 + Level 10.9 Bows
 + Level 10.9 Crossbows
 + Level 10.9 Throwing
 + Level 12.4 Armour
 + Level 10.9 Dodging
 + Level 10.9 Stealth
 + Level 12.4 Shields
 + Level 10.9 Unarmed Combat
 + Level 10.9 Spellcasting
 + Level 9.2 Conjurations
 + Level 9.2 Hexes
 + Level 9.2 Summonings
 + Level 9.2 Necromancy
 + Level 9.2 Translocations
 + Level 9.2 Transmutations
 + Level 9.2 Fire Magic
 + Level 9.2 Ice Magic
 + Level 9.2 Air Magic
 + Level 9.2 Earth Magic
 + Level 9.2 Poison Magic
 + Level 11.8 Invocations
 + Level 10.9 Evocations


You had 36 spell levels left.
You didn't know any spells.
Your spell library contained the following spells:

 Spells                   Type           Power        Failure   Level
 Animate Skeleton         Necr           86%          19%         1
 Apportation              Tloc           86%          19%         1
 Corona                   Hex            47%          19%         1
 Freeze                   Ice            100%         19%         1
 Magic Dart               Conj           100%         19%         1
 Pain                     Necr           100%         19%         1
 Summon Small Mammal      Summ           100%         19%         1
 Blink                    Tloc           N/A          26%         2
 Call Imp                 Summ           43%          26%         2
 Slow                     Hex            43%          26%         2
 Confusing Touch          Hex            43%          47%         3
 Conjure Flame            Conj/Fire      43%          47%         3
 Frozen Ramparts          Ice            86%          47%         3
 Gell's Gravitas          Tloc           21%          47%         3
 Inner Flame              Hex/Fire       43%          47%         3
 Mephitic Cloud           Conj/Pois/Air  43%          47%         3
 Ozocubu's Armour         Ice            43%          47%         3
 Portal Projectile        Hex/Tloc       86%          47%         3
 Static Discharge         Conj/Air       43%          47%         3
 Vampiric Draining        Necr           21%          47%         3
 Animate Dead             Necr           21%          87%         4
 Cause Fear               Hex            21%          87%         4
 Hailstorm                Conj/Ice       43%          87%         4
 Leda's Liquefaction      Hex/Erth       21%          87%         4
 Petrify                  Tmut/Erth      43%          87%         4
 Summon Ice Beast         Ice/Summ       43%          87%         4
 Summon Lightning Spire   Summ/Air       43%          87%         4
 Agony                    Necr           43%          99%         5
 Irradiate                Conj/Tmut      21%          99%         5
 Lightning Bolt           Conj/Air       21%          99%         5
 Metabolic Englaciation   Hex/Ice        21%          99%         5
 Silence                  Hex/Air        21%          99%         5
 Yara's Violent Unravell  Hex/Tmut       21%          99%         5
 Conjure Ball Lightning   Conj/Air       21%          100%        6
 Hydra Form               Tmut           21%          100%        6
 Statue Form              Tmut/Erth      28%          100%        6
 Dragon Form              Tmut           21%          100%        7
 Ignition                 Fire           21%          100%        8
 Shatter                  Erth           21%          100%        9
 Tornado                  Air            21%          100%        9


Dungeon Overview and Level Annotations

Branches:
Dungeon (15/15)            Temple (1/1) D:4            Lair (6/6) D:11
 Shoals (0/4) Lair:2       Spider (0/4) Lair:4        Slime (0/5) Lair:6
    Orc (2/2) D:11            Elf (0/3) Orc:2        Vaults (0/5) D:13
 Depths (1/5) D:15         Bailey (visited)         Gauntlet (visited)

Altars:
Ashenzari
Cheibriados
Dithmenos
Elyvilon
Fedhas
Gozag
Hepliaklqana
Kikubaaqudgha
Makhleb
Nemelex Xobeh
Okawaru
Qazlal
Ru
Sif Muna
Trog
Uskayaw
Vehumet
Wu Jian
Xom
Yredelemnul
Zin
The Shining One
Beogh
Jiyva

Shops:
D:11 [   Orc:2 =(?*   Depths:1 ==:

Portals:
Hell: Depths:1
Abyss: Depths:1

Annotations:
Lair:2 exclusion: oklob plant


Innate Abilities, Weirdness & Mutations

Your experience applies equally to all skills.
You have very sharp teeth.
Your uncanny sense of smell can sniff out nearby items.
You are partially covered in slimy green scales. (AC +2)
You tend to lose your temper in combat.


Message History

A titan is nearby!
A titan is nearby!
A titan is nearby!
A deep troll earth mage comes into view.
The deep troll earth mage shouts!
You block the titan's attack.
You hit the titan but do no damage. The titan hits you!!!
The deep troll earth mage casts a spell next to you.
Some rock shatters into small pieces.
Found a polished chain mail.
You hit the titan. You freeze the titan.
The titan is lightly wounded.
The titan misses you.
Something claws the deep troll earth mage!
Something claws the deep troll earth mage!!
You hit the deep troll earth mage. You freeze the deep troll earth mage.
You bite the deep troll earth mage!
The deep troll earth mage is almost dead.
You hit the titan but do no damage.
The titan waves its arms in wide circles.
The air twists around and strikes you!! The deep troll earth mage bites you!
You block the deep troll earth mage's attack. x2
Something misses the deep troll earth mage.
Something claws the deep troll earth mage!
The deep troll earth mage dies!
Yredelemnul accepts your kill. Clouds of flame condense around you!
The condenser dries out!
The titan is engulfed in blazing flames.
The titan hits you.
Unknown command.
You are too injured to fight recklessly!
Your gold dragon scales "Zagg" prevents you from hitting the titan.
The titan is lightly wounded.
The titan is engulfed in blazing flames.
The titan casts a spell at you. The bolt of lightning hits you!!
* * * LOW HITPOINT WARNING * * *
The bolt of lightning hits you!!!
You die...
Your body rises from the dead as a mindless zombie.

+.........#....'...#....'......
#.........+....##'##....#......
........#.....#.....###......
.......#.....#...###........
#'##.##.....+.###.A........
###..#........###...##.......
###......#.####........##....)†
#...#+#)##...)##........##.....
#####..).#.####@#....(....#.###†
##....).).#n.#[nC#.######'####...
#..##++##.'†#.##§#.#....'...#....
..##8..8#######..#.#....#...#....
..#8....8# ∆ .##......#...##..#
#.#.....|# ###.......#....#+##
..#}.....# ######..+...####).#...
..#8.)[.8# #).#(##.#'###..#####..
#.##8..8#####.##.#.#..........###


You could see a titan (ally target) and a friendly ghoul.

Vanquished Creatures
  Jorgrun (D:11)
  A frost giant (Depths:1)
  2 stone giants (Depths:1)
  3 spark wasps (Depths:1)
  An ettin (Depths:1)
  2 great orbs of eyes (Depths:1)
  Fannar (Orc:1)
  7 hydras
  An ogre mage (Depths:1)
  3 catoblepae (Lair:6)
  A spriggan air mage (Depths:1)
  A death knight (D:12)
  A centaur warrior (D:13)
  4 boulder beetles
  8 two-headed ogres
  The ghost of tsouns the Carver, a novice DgDe (Lair:1)
  The ghost of t4s4d4r the Slicer, a journeyman KoHu of Nemelex Xobeh (D:8)
  A thrashing horror (Gauntlet)
  5 death yaks
  A deep troll earth mage (Depths:1)
  4 orc high priests (Orc:2)
  A spriggan berserker (Depths:1)
  A titan skeleton (D:15)
  A fire crab (shapeshifter) (D:15)
  3 unseen horrors
  2 deep trolls (Depths:1)
  A lindwurm (Lair:3)
  A phantasmal warrior (D:12)
  5 orc sorcerers
  7 orc knights
  2 oklob plants (Lair:6)
  2 necromancers
  2 cyclopes
  5 manticores
  5 ugly things
  8 elephants
  A gargoyle (D:11)
  3 black mambas
  7 cane toads
  2 centaur skeletons (D:13)
  3 rime drakes
  An efreet (D:13)
  A freezing wraith (D:12)
  5 yaktaurs (Depths:1)
  10 komodo dragons
  A tengu conjurer (D:14)
  3 jumping spiders (Lair:4)
  A polar bear (Lair:6)
  5 trolls
  2 slime creatures
  A snapping turtle (Lair:2)
  A raiju (shapeshifter) (Depths:1)
  Prince Ribbit (D:5)
  17 blink frogs
  5 wraiths
  4 shadows
  A vampire (D:11)
  6 redbacks (Lair:4)
  6 wyverns
  36 yaks
  5 basilisks
  A swamp worm (shapeshifter) (Depths:1)
  3 wargs
  Edmund (D:5)
  An acid dragon (D:12)
  4 water moccasins
  27 orc warriors
  A tengu zombie (D:15)
  2 sky beasts
  7 ice beasts
  A black bear (Lair:2)
  2 necrophages
  2 boggarts (D:12)
  5 centaurs
  13 ogres
  19 wolves
  3 phantoms
  3 kobold brigands
  17 bullfrogs
  A gnoll sergeant (D:7)
  3 small abominations (Gauntlet)
  4 scorpions
  5 killer bees (D:7)
  16 wights
  2 electric eels (Lair:2)
  6 howler monkeys
  3 centaur zombies
  A quasit (D:11)
  21 orc priests
  5 hounds
  2 jellies
  A bullfrog skeleton (D:6)
  3 gnoll shamans (D:9)
  3 iguanas
  19 orc wizards
  11 worker ants
  6 hell rats (Lair:5)
  A worker ant zombie (D:8)
  11 gnolls
  11 adders
  2 shadow imps
  2 white imps (D:8)
  3 ufetubi
  2 adder zombies
  2 adder skeletons
  A worm (shapeshifter) (Gauntlet)
  A worm (D:2)
  2 dart slugs (D:1)
  8 leopard geckos
  70 orcs
  4 giant cockroaches
  11 goblins
  9 hobgoblins
  12 jackals
  26 kobolds
  7 quokkas
  9 bats
  6 frilled lizards
  12 rats
660 creatures vanquished.

Vanquished Creatures (collateral kills)
  A stone giant (Depths:1)
  Nessos (D:12)
  A minotaur (Gauntlet)
  Josephine (D:13)
  A rakshasa (Depths:1)
  2 hydras
  Erolcha (D:11)
  2 centaur warriors
  2 catoblepae
  5 two-headed ogres
  2 deep troll earth magi (Depths:1)
  Urug (D:12)
  A death yak (Lair:6)
  A vampire mage (D:15)
  A deep troll (Depths:1)
  An unseen horror (D:13)
  3 skeletal warriors
  9 ugly things
  A stone giant zombie (D:15)
  A manticore (D:15)
  2 cyclopes
  5 elephants
  A faun (shapeshifter) (D:13)
  A centaur zombie (D:11)
  Maurice (D:12)
  A black mamba (Lair:3)
  2 cane toads
  A yaktaur zombie (D:15)
  A centaur skeleton (D:11)
  5 komodo dragons
  A kobold demonologist (D:14)
  A yaktaur (Depths:1)
  A tengu conjurer (D:14)
  A freezing wraith (D:12)
  A troll (D:14)
  A jumping spider (shapeshifter) (D:13)
  A jumping spider (Lair:4)
  2 hornets
  A blink frog (Lair:3)
  2 slime creatures (D:13)
  2 wraiths
  A redback (Lair:4)
  8 yaks
  4 wyverns
  2 basilisks
  A warg (D:11)
  An acid dragon (D:10)
  A soldier ant (shapeshifter) (D:13)
  4 water moccasins
  An ice beast (D:15)
  A hornet zombie (D:11)
  5 orc warriors
  6 wolves
  2 ogres (D:9)
  A boggart (D:12)
  3 centaurs
  A phantom (D:10)
  3 kobold brigands (D:14)
  8 bullfrogs
  A wyvern skeleton (D:14)
  6 wights
  2 electric eels (Lair:3)
  2 howler monkeys (D:11)
  2 hounds
  A quasit (D:11)
  2 bullfrog skeletons (D:11)
  6 orc priests
  4 orc wizards
  A worker ant (D:13)
  A worker ant zombie (D:10)
  2 shadow imps (D:10)
  10 orcs
  7 kobolds (D:14)
172 creatures vanquished.

Vanquished Creatures (others)
  A skeletal warrior (Orc:2)
  11 flying skulls
  4 wraiths
  3 vampires
  2 wights
  An orc wizard (D:11)
  A hydra zombie (Lair:6)
  3 cane toad zombies
  3 elephant zombies
  2 wolf skeletons (Lair:1)
  A wyvern zombie (Lair:1)
  3 water moccasin zombies (Lair:6)
  7 blink frog zombies
  2 komodo dragon zombies
  A manticore zombie (Lair:6)
  A rime drake zombie (Lair:6)
  3 orcs
  A bullfrog zombie (Lair:3)
  4 orc skeletons (D:9)
  3 wolf zombies (Lair:6)
  2 yak zombies (Lair:4)
  75 fungi
  85 plants
  2 withered plants (D:15)
221 creatures vanquished.

Grand Total: 1053 creatures vanquished

Notes
Turn   | Place    | Note
-------+----------+-------------------------------------------
     0 | D:1      | vishdafish the Gnoll Fighter began the quest for the Orb.
     0 | D:1      | Reached XP level 1. HP: 23/23 MP: 1/1
   118 | D:1      | Reached XP level 2. HP: 29/29 MP: 2/2
   460 | D:1      | Reached XP level 3. HP: 35/35 MP: 3/3
   999 | D:2      | Reached skill level 1 in Invocations
  1101 | D:2      | Found a stormy altar of Qazlal.
  1134 | D:2      | Reached skill level 1 in Short Blades
  1134 | D:2      | Reached skill level 1 in Long Blades
  1134 | D:2      | Reached skill level 1 in Maces & Flails
  1134 | D:2      | Reached skill level 1 in Polearms
  1134 | D:2      | Reached skill level 1 in Staves
  1134 | D:2      | Reached skill level 1 in Slings
  1134 | D:2      | Reached skill level 1 in Bows
  1134 | D:2      | Reached skill level 1 in Crossbows
  1134 | D:2      | Reached skill level 1 in Throwing
  1134 | D:2      | Reached skill level 1 in Dodging
  1134 | D:2      | Reached skill level 1 in Stealth
  1134 | D:2      | Reached skill level 1 in Unarmed Combat
  1134 | D:2      | Reached skill level 1 in Spellcasting
  1134 | D:2      | Reached skill level 1 in Evocations
  1141 | D:2      | Reached XP level 4. HP: 41/41 MP: 5/5
  1836 | D:3      | Reached skill level 1 in Conjurations
  1836 | D:3      | Reached skill level 1 in Hexes
  1836 | D:3      | Reached skill level 1 in Summonings
  1836 | D:3      | Reached skill level 1 in Necromancy
  1836 | D:3      | Reached skill level 1 in Translocations
  1836 | D:3      | Reached skill level 1 in Transmutations
  1836 | D:3      | Reached skill level 1 in Fire Magic
  1836 | D:3      | Reached skill level 1 in Ice Magic
  1836 | D:3      | Reached skill level 1 in Air Magic
  1836 | D:3      | Reached skill level 1 in Earth Magic
  1836 | D:3      | Reached skill level 1 in Poison Magic
  2418 | D:3      | Reached XP level 5. HP: 42/47 MP: 6/6
  2948 | D:4      | Reached XP level 6. HP: 46/53 MP: 8/8
  3029 | D:4      | Found a staircase to the Ecumenical Temple.
  3057 | Temple   | Entered the Ecumenical Temple
  3472 | Temple   | Became a worshipper of Yredelemnul the Dark
  3524 | D:4      | Reached skill level 5 in Axes
  4098 | D:5      | Entered Level 5 of the Dungeon
  4171 | D:5      | Found a snail-covered altar of Cheibriados.
  4175 | D:5      | Found an ancient bone altar of Kikubaaqudgha.
  4193 | D:5      | Noticed Prince Ribbit
  4217 | D:5      | Reached XP level 7. HP: 41/59 MP: 10/10
  4552 | D:5      | Killed Prince Ribbit
  5099 | D:5      | Noticed Edmund
  5120 | D:5      | Killed Edmund
  5191 | D:6      | Reached XP level 8. HP: 67/67 MP: 12/12
  6111 | D:6      | Reached * piety under Yredelemnul
  6256 | D:7      | Reached XP level 9. HP: 60/72 MP: 14/14
  6478 | D:7      | Found a blossoming altar of Fedhas.
  6492 | D:7      | Found a shimmering blue altar of Sif Muna.
  6522 | D:7      | Found a flagged portal.
  6528 | Bailey   | Entered a bailey
  6577 | Bailey   | Noticed an orc knight
  6629 | Bailey   | Reached ** piety under Yredelemnul
  7034 | Bailey   | Killed an orc knight
  7035 | Bailey   | Reached skill level 5 in Invocations
  7089 | Bailey   | Reached XP level 10. HP: 52/80 MP: 17/17
  7551 | D:7      | Found an opulent altar of Gozag.
  7552 | D:7      | Found a sacrificial altar of Ru.
  7552 | D:7      | Found a burning altar of Makhleb.
  7552 | D:7      | Found an ornate altar of the Wu Jian Council.
  7623 | D:7      | Identified the +0 scale mail of Infinity {rF+}
  8033 | D:8      | Reached skill level 5 in Short Blades
  8033 | D:8      | Reached skill level 5 in Long Blades
  8033 | D:8      | Reached skill level 5 in Maces & Flails
  8033 | D:8      | Reached skill level 5 in Polearms
  8033 | D:8      | Reached skill level 5 in Staves
  8033 | D:8      | Reached skill level 5 in Slings
  8033 | D:8      | Reached skill level 5 in Bows
  8033 | D:8      | Reached skill level 5 in Crossbows
  8033 | D:8      | Reached skill level 5 in Throwing
  8033 | D:8      | Reached skill level 5 in Dodging
  8033 | D:8      | Reached skill level 5 in Stealth
  8033 | D:8      | Reached skill level 5 in Unarmed Combat
  8033 | D:8      | Reached skill level 5 in Spellcasting
  8033 | D:8      | Reached skill level 5 in Evocations
  8302 | D:8      | Reached *** piety under Yredelemnul
  8471 | D:8      | Found a sparkling altar of Nemelex Xobeh.
  8474 | D:8      | Found a broken altar of Ashenzari.
  8474 | D:8      | Found a hide-covered altar of Uskayaw.
  8476 | D:8      | Found a shimmering altar of Xom.
  8476 | D:8      | Found a burning altar of Makhleb.
  8476 | D:8      | Found a white marble altar of Elyvilon.
 10197 | D:9      | Gained mutation: You tend to lose your temper in combat.
                  | [potion of mutation]
 10197 | D:9      | Gained mutation: You are partially covered in slimy green
                  | scales. (AC +2) [potion of mutation]
 10407 | D:9      | Noticed a two-headed ogre
 10417 | D:9      | Killed a two-headed ogre
 10588 | D:9      | Noticed t4s4d4r's ghost (journeyman KoHu)
 10590 | D:9      | Found a runed translucent gate.
 10590 | D:9      | Identified the +1 robe of Neaved {-Cast rF+ Str-5 Dex+10}
 10592 | D:9      | Found a runed translucent gate.
 10593 | D:9      | Found a runed translucent gate.
 10605 | D:9      | Found the +2 ratskin cloak {*Rats rPois rN+ Str-1 Int-1
                  | Dex+1}
 10648 | D:9      | Found a roughly hewn altar of Beogh.
 10717 | D:8      | Killed t4s4d4r's ghost
 10718 | D:8      | Reached XP level 11. HP: 26/87 MP: 19/19
 11101 | D:9      | Received a gift from Yredelemnul (a wight)
 11181 | D:9      | Found a radiant altar of Vehumet.
 11466 | D:9      | Received a gift from Yredelemnul (2 flying skulls)
 11712 | D:10     | Entered Level 10 of the Dungeon
 11751 | D:10     | Reached skill level 5 in Conjurations
 11751 | D:10     | Reached skill level 5 in Hexes
 11751 | D:10     | Reached skill level 5 in Summonings
 11751 | D:10     | Reached skill level 5 in Necromancy
 11751 | D:10     | Reached skill level 5 in Translocations
 11751 | D:10     | Reached skill level 5 in Transmutations
 11751 | D:10     | Reached skill level 5 in Fire Magic
 11751 | D:10     | Reached skill level 5 in Ice Magic
 11751 | D:10     | Reached skill level 5 in Air Magic
 11751 | D:10     | Reached skill level 5 in Earth Magic
 11751 | D:10     | Reached skill level 5 in Poison Magic
 12222 | D:10     | Reached **** piety under Yredelemnul
 12443 | D:10     | Noticed a two-headed ogre
 12450 | D:10     | Killed a two-headed ogre
 13063 | D:11     | Noticed a cyclops
 13072 | D:11     | Killed a cyclops
 13262 | D:11     | Received a gift from Yredelemnul (2 flying skulls)
 13471 | D:11     | Noticed a purple ugly thing
 13478 | D:11     | Killed a purple ugly thing
 13588 | D:11     | Found a staircase to the Lair.
 13588 | D:11     | Noticed a death yak
 13590 | D:11     | Noticed a death yak
 13590 | D:11     | Noticed a death yak
 13598 | D:11     | Killed a death yak
 13627 | D:11     | Killed a death yak
 13628 | D:11     | Killed a death yak
 14052 | D:11     | Reached XP level 12. HP: 96/96 MP: 22/22
 14053 | D:11     | Found Ulig's Antique Armour Shoppe.
 14060 | D:11     | Bought a heavily runed buckler for 361 gold pieces
 14060 | D:11     | Identified the +2 buckler of Poor Excuses {rC+ Int+3 SInv}
                  | (You bought it in a shop on level 11 of the Dungeon)
 14117 | D:11     | Received a gift from Yredelemnul (a wraith)
 14119 | D:11     | Found a staircase to the Orcish Mines.
 14279 | D:11     | Noticed Erolcha
 14291 | D:11     | Killed Erolcha
 14378 | D:11     | Reached ***** piety under Yredelemnul
 14836 | D:12     | Noticed Urug
 14838 | D:12     | Noticed a two-headed ogre
 14840 | D:12     | Noticed Maurice
 14845 | D:12     | Killed Urug
 14848 | D:12     | Killed a two-headed ogre
 14859 | D:12     | Killed Maurice
 14932 | Lair:1   | Entered Level 1 of the Lair of Beasts
 16019 | Lair:1   | Reached skill level 10 in Fighting
 16019 | Lair:1   | Reached skill level 10 in Armour
 16019 | Lair:1   | Reached skill level 10 in Shields
 16835 | Lair:2   | Identified 2 scrolls of acquirement
 16881 | Lair:2   | Acquired 748 gold pieces
 16888 | Lair:2   | Acquired 1156 gold pieces
 16931 | Lair:2   | Found a runed translucent gate.
 16931 | Lair:2   | Noticed tsouns's ghost (novice DgDe)
 16933 | Lair:2   | Found a runed translucent gate.
 16940 | Lair:2   | Found a runed translucent gate.
 16941 | Lair:2   | Noticed an eight-headed hydra
 17293 | Lair:2   | Noticed a five-headed hydra
 17315 | Lair:2   | Killed a five-headed hydra
 17850 | Lair:2   | Received a gift from Yredelemnul (a wraith)
 18042 | Lair:2   | Found a staircase to the Shoals.
 18319 | Lair:2   | Reached XP level 13. HP: 50/103 MP: 24/24
 19869 | Lair:3   | Received a gift from Yredelemnul (a vampire)
 21748 | Lair:4   | Found a hazy altar of Hepliaklqana.
 21860 | Lair:4   | Found a hole to the Spider Nest.
 21980 | Lair:4   | Received a gift from Yredelemnul (a wight)
 23829 | Lair:5   | Received a gift from Yredelemnul (a wraith)
 24473 | Lair:6   | Entered Level 6 of the Lair of Beasts
 24489 | Lair:6   | Upgraded the game from 0.27-a0-421-g7ddf969dea to
                  | 0.27-a0-448-gace5c5693b
 24503 | Lair:6   | Found a viscous altar of Jiyva.
 24520 | Lair:6   | Reached XP level 14. HP: 19/111 MP: 24/26
 24528 | Lair:6   | Found a staircase to the Slime Pits.
 24537 | Lair:6   | Found a gate leading to a gauntlet.
 24550 | Gauntlet | Entered a Gauntlet
 24550 | Gauntlet | Found a runed translucent door.
 24550 | Gauntlet | Found a transporter.
 24550 | Gauntlet | Found a runed translucent door.
 24550 | Gauntlet | Found a transporter.
 24858 | Gauntlet | Found a transporter.
 24858 | Gauntlet | Found a transporter.
 24862 | Gauntlet | Found a transporter.
 24862 | Gauntlet | Found a transporter.
 24898 | Gauntlet | Found a transporter.
 24902 | Gauntlet | Found a transporter.
 24910 | Gauntlet | Found a transporter.
 24982 | Gauntlet | Found a transporter.
 24986 | Gauntlet | Found a transporter.
 25016 | Gauntlet | Found a transporter.
 25080 | Gauntlet | Reached skill level 10 in Axes
 25193 | Gauntlet | Received a gift from Yredelemnul (5 flying skulls)
 25198 | Gauntlet | Identified the ring of Qumnusev {+Fly rF++ AC+4 Str-5
                  | Int+4}
 25299 | Gauntlet | Identified the +1 scale mail of Anaesthesia {rN+}
 25747 | Lair:6   | Received a gift from Yredelemnul (a vampire)
 26019 | Lair:6   | Identified the ring of Dyup {*Slow rPois EV+4 Str+3 Int-3
                  | Slay+4}
 26330 | Lair:6   | Reached skill level 10 in Invocations
 26510 | Lair:6   | Received a gift from Yredelemnul (2 flying skulls)
 26855 | Lair:6   | Identified the +0 gold dragon scales "Zagg" {rPois rF+ rC+
                  | Stlth+}
 28163 | Lair:1   | Killed tsouns's ghost
 28434 | Orc:1    | Entered Level 1 of the Orcish Mines
 28438 | Orc:1    | Noticed Jorgrun
 28469 | D:11     | Killed Jorgrun
 29064 | Orc:1    | Noticed Fannar
 29086 | Orc:1    | Killed Fannar
 29331 | Orc:2    | Entered Level 2 of the Orcish Mines
 29338 | Orc:2    | Paralysed by an orc sorcerer for 7 turns
 29355 | Orc:1    | Paralysed by an orc sorcerer for 3 turns
 29642 | Orc:2    | Reached XP level 15. HP: 119/119 MP: 28/28
 30283 | Orc:2    | Found a staircase to the Elven Halls.
 30308 | Orc:2    | Reached ****** piety under Yredelemnul
 30337 | Orc:2    | Received a gift from Yredelemnul (a skeletal warrior)
 30527 | Orc:2    | Paralysed by an orc sorcerer for 5 turns
 31502 | Orc:2    | Received a gift from Yredelemnul (a wraith)
 31541 | Orc:2    | Found Wenweg's General Store.
 31541 | Orc:2    | Found Adwaunn's Jewellery Boutique.
 31545 | Orc:2    | Found Oruqug's Magic Scroll Emporium.
 31545 | Orc:2    | Found Ashun's Antique Weapon Boutique.
 31552 | Orc:2    | Bought a scroll of fog for 22 gold pieces
 31561 | Orc:2    | Bought the ring "Bunipres" {*Drain MP+9 Int+3 Slay+5
                  | Stlth-} for 662 gold pieces
 31568 | Orc:2    | Bought a scroll of identify for 28 gold pieces
 31568 | Orc:2    | Bought a scroll of identify for 28 gold pieces
 31568 | Orc:2    | Bought a scroll of identify for 28 gold pieces
 31568 | Orc:2    | Bought a scroll of blinking for 105 gold pieces
 31568 | Orc:2    | Bought a scroll of blinking for 105 gold pieces
 31568 | Orc:2    | Bought a scroll of fear for 49 gold pieces
 31568 | Orc:2    | Bought a scroll of blinking for 105 gold pieces
 31933 | D:12     | Received a gift from Yredelemnul (a vampire knight)
 32085 | D:12     | Reached skill level 10 in Short Blades
 32085 | D:12     | Reached skill level 10 in Long Blades
 32085 | D:12     | Reached skill level 10 in Maces & Flails
 32085 | D:12     | Reached skill level 10 in Polearms
 32085 | D:12     | Reached skill level 10 in Staves
 32085 | D:12     | Reached skill level 10 in Slings
 32085 | D:12     | Reached skill level 10 in Bows
 32085 | D:12     | Reached skill level 10 in Crossbows
 32085 | D:12     | Reached skill level 10 in Throwing
 32085 | D:12     | Reached skill level 10 in Dodging
 32085 | D:12     | Reached skill level 10 in Stealth
 32085 | D:12     | Reached skill level 10 in Unarmed Combat
 32085 | D:12     | Reached skill level 10 in Spellcasting
 32085 | D:12     | Reached skill level 10 in Evocations
 32103 | D:12     | Received a gift from Yredelemnul (a skeletal warrior)
 32860 | D:12     | Received a gift from Yredelemnul (a vampire)
 32862 | D:12     | Identified the +6 scimitar "Killer Bee's Doom" {flame,
                  | Will- Int+10}
 33113 | D:12     | Noticed Nessos
 33126 | D:12     | Killed Nessos
 33312 | D:13     | Received a gift from Yredelemnul (a bone dragon)
 33487 | D:13     | Received a gift from Yredelemnul (a vampire knight)
 33613 | D:13     | Noticed Josephine
 33620 | D:13     | Killed Josephine
 33873 | D:13     | Received a gift from Yredelemnul (a profane servitor)
 33893 | D:13     | Found a gate to the Vaults.
 34492 | D:14     | Received a gift from Yredelemnul (a bone dragon)
 34728 | D:14     | Received a gift from Yredelemnul (a vampire knight)
 34953 | D:15     | Entered Level 15 of the Dungeon
 35610 | D:15     | Reached XP level 16. HP: 127/127 MP: 30/30
 35619 | D:15     | Found a staircase to the Depths.
 35653 | D:15     | Received a gift from Yredelemnul (a flayed ghost)
 36244 | Depths:1 | Entered Level 1 of the Depths
 36244 | Depths:1 | Found a gateway to Hell.
 36268 | Depths:1 | Found a one-way gate to the infinite horrors of the Abyss.
 36359 | Depths:1 | Received a gift from Yredelemnul (a vampire)
 36360 | Depths:1 | Paralysed by an ogre mage for 2 turns
 36975 | Depths:1 | Identified the +8 longbow of Hoim {venom, rC++ rN+ Will+
                  | MP-9}
 37676 | Depths:1 | Found Rudd's Jewellery Shop.
 37679 | Depths:1 | Found Daliov's Book Emporium.
 37680 | Depths:1 | Found Jit Jism's Jewellery Shop.
 37691 | Depths:1 | Received a gift from Yredelemnul (a ghoul)
 38433 | Depths:1 | Noticed a titan
 38439 | Depths:1 | Killed from afar by a titan

Illustrated notes

Levels and vault maps discovered:
D:1:      dpeg_arrival_court, layout_loops_ring, serial_glass, glass_columns_a,
          glass_columns_b, glass_columns_a, glass_columns_a, glass_columns_a,
          glass_columns_c, glass_columns_b, glass_columns_a, glass_columns_a,
          glass_columns_c, glass_columns_a, glass_columns_a, glass_columns_b,
          glass_columns_a, due_unseen_surprise, feat_on_display,
          amcnicky_mini_corridor_feature
D:2:      layout_loops_cross, lemuel_doored_altar, minmay_misc_feat_nine_boxes,
          grunt_decor_fettered
D:3:      layout_basic, chequers_serial_rivers_small_3
D:4:      layout_gridville, minmay_temple_entry_wispy
D:5:      layout_rooms, overflow_temple_1_default, lemuel_crystal_altar,
          uniq_edmund, uniq_prince_ribbit1
D:6:      layout_cave_pools
D:7:      layout_rooms, chequers_temple_overflow_statue_of_worship,
          overflow_temple_1_default, enter_bailey_2, fedhas_ov_isle_minmay
D:8:      layout_basic, doesnt_xom_only_xom
D:9:      kennysheep_seaside_town, layout_irregular_city,
          lemuel_coloured_pillars_altar, biasface_ghost_orc_armoury
D:10:     layout_grid_maze
D:11:     layout_long_grid, dpeg_lair_monsters, erik_orc_3, serial_shops, shop,
          uniq_erolcha
D:12:     minmay_wavy_crystal, layout_basic, uniq_nessos, uniq_urug,
          uniq_maurice
D:13:     layout_loops_ring, david_vaults_2, uniq_josephine
D:14:     layout_rooms, minmay_misc_feat_columns
D:15:     gammafunk_depths_entry_grave, layout_stronghold,
          minmay_misc_feat_ornament, drop_trap, chequers_serial_rivers_small_a
Temple:   oiseaux_autumnal_temple
Lair:1:   layout_cave_pods
Lair:2:   layout_chaotic_city, minmay_shoals_entry_hut, gammafunk_ghost_split
Lair:3:   layout_gridlike
Lair:4:   layout_loops_ring, nicolae_spider_entry_tight_spaces, basic_altar,
          kennysheep_basilisk_garden, grunt_megastairs_4
Lair:5:   layout_cave_pods, minivault_25
Lair:6:   evilmike_catoblepas_cave, layout_loops_ring, slime_altar_1,
          gauntlet_entry_generic, minmay_lair_oklob_chamber
Orc:1:    layout_caves, uniq_jorgrun, uniq_fannar
Orc:2:    grunt_orc_tribal_feast, layout_caves
Depths:1: layout_honeycomb, abyss_entry, hell_entry,
          minmay_hollow_rounded_squares, minmay_shop_grove

Skill      XL: |  1  2  3  4  5  6  7  8  9 10 11 12 13 14 15 16 |
---------------+-------------------------------------------------+-----
Invocations    | 1 2 3 4 5 6 7 8 9 10 11 | 11.8
Short Blades   | 1 2 3 4 5 6 7 8 9 10 | 10.9
Long Blades    | 1 2 3 4 5 6 7 8 9 10 | 10.9
Maces & Flails | 1 2 3 4 5 6 7 8 9 10 | 10.9
Polearms       | 1 2 3 4 5 6 7 8 9 10 | 10.9
Staves         | 1 2 3 4 5 6 7 8 9 10 | 10.9
Slings         | 1 2 3 4 5 6 7 8 9 10 | 10.9
Bows           | 1 2 3 4 5 6 7 8 9 10 | 10.9
Crossbows      | 1 2 3 4 5 6 7 8 9 10 | 10.9
Throwing       | 1 2 3 4 5 6 7 8 9 10 | 10.9
Dodging        | 1 2 3 4 5 6 7 8 9 10 | 10.9
Stealth        | 1 2 3 4 5 6 7 8 9 10 | 10.9
Unarmed Combat | 1 2 3 4 5 6 7 8 9 10 | 10.9
Spellcasting   | 1 2 3 4 5 6 7 8 9 10 | 10.9
Evocations     | 1 2 3 4 5 6 7 8 9 10 | 10.9
Conjurations   | 1 2 3 4 5 6 7 8 9 |  9.2
Hexes          | 1 2 3 4 5 6 7 8 9 |  9.2
Summonings     | 1 2 3 4 5 6 7 8 9 |  9.2
Necromancy     | 1 2 3 4 5 6 7 8 9 |  9.2
Translocations | 1 2 3 4 5 6 7 8 9 |  9.2
Transmutations | 1 2 3 4 5 6 7 8 9 |  9.2
Fire Magic     | 1 2 3 4 5 6 7 8 9 |  9.2
Ice Magic      | 1 2 3 4 5 6 7 8 9 |  9.2
Air Magic      | 1 2 3 4 5 6 7 8 9 |  9.2
Earth Magic    | 1 2 3 4 5 6 7 8 9 |  9.2
Poison Magic   | 1 2 3 4 5 6 7 8 9 |  9.2
Axes           | 5 6 7 8 9 10 11 | 11.7
Fighting       | 7 8 9 10 11 12 | 12.4
Armour         | 7 8 9 10 11 12 | 12.4
Shields        | 7 8 9 10 11 12 | 12.4

Action                   |  1- 3 |  4- 6 |  7- 9 | 10-12 | 13-15 | 16-18 || total
-------------------------+-------+-------+-------+-------+-------+-------++-------
Melee: War axe           |   105 |   233 |    48 |       |   298 |   147 ||   831
       Bite              |     9 |    20 |    37 |    99 |   130 |    23 ||   318
       Short sword       |       |       |   110 |   212 |       |       ||   322
       Battleaxe         |       |       |    91 |   440 |   190 |       ||   721
       Spear             |       |       |    34 |       |     4 |       ||    38
       Punch             |       |       |     2 |       |       |       ||     2
       Great mace        |       |       |       |    27 |   524 |       ||   551
       Unarmed           |       |       |       |     3 |       |       ||     3
Throw: Dart              |       |       |    23 |    18 |    17 |       ||    58
       Javelin           |       |       |       |       |     7 |       ||     7
Invok: Injury Mirror     |       |       |       |     1 |       |       ||     1
       Animate Dead      |       |       |       |     3 |    13 |     1 ||    17
       Recall Undead Sla |       |       |       |       |     2 |       ||     2
       Drain Life        |       |       |       |       |     1 |       ||     1
 Abil: Evoke Flight      |       |       |     3 |       |       |       ||     3
Evoke: Wand              |       |       |       |     8 |    20 |       ||    28
       Condenser vane    |       |       |       |     1 |     1 |     1 ||     3
  Use: Scroll            |       |     5 |     4 |    11 |    11 |       ||    31
       Potion            |       |     2 |     4 |     5 |     5 |     1 ||    17
 Stab: Distracted        |       |       |     1 |     8 |    14 |     7 ||    30
       Sleeping          |       |       |       |     4 |       |       ||     4
Armor: Scale mail        |    45 |    88 |    69 |    48 |       |       ||   250
       Skin              |       |       |    10 |       |       |       ||    10
       Plate armour      |       |       |       |   339 |   351 |       ||   690
       Gold dragon scale |       |       |       |       |   313 |    46 ||   359
Dodge: Dodged            |    28 |    71 |   188 |   494 |   628 |    50 ||  1459
Block: Kite shield       |    67 |   142 |    67 |   129 |       |       ||   405
       Other             |       |       |       |   127 |   225 |       ||   352
       Reflection        |       |       |       |     5 |    14 |     6 ||    25
       Buckler           |       |       |       |       |   202 |    77 ||   279

Table legend: (Time is in decaauts)
 A = Elapsed time spent in this place.
 B = Non-inter-level travel time spent in this place.
 C = Inter-level travel time spent in this place.
 D = Time resting spent in this place.
 E = Time spent auto-exploring this place.
 F = Levels seen in this place.
 G = Mean time per level.
                   A        B        C        D        E       F      G
               +--------+--------+--------+--------+--------+-----+--------+
         Total |  39235 |  38155 |   1080 |   8163 |  22768 |  27 | 1453.1 |
       Dungeon |  18798 |  18114 |    684 |   3064 |  11474 |  15 | 1253.2 |
        Temple |    452 |    452 |      0 |      0 |    311 |   1 |  452.0 |
          Lair |  12976 |  12668 |    308 |   2721 |   7966 |   6 | 2162.7 |
  Orcish Mines |   3131 |   3044 |     87 |   1192 |   1278 |   2 | 1565.5 |
        Depths |   2201 |   2201 |      0 |    514 |   1471 |   1 | 2201.0 |
        Bailey |    890 |    890 |      0 |    310 |    221 |   1 |  890.0 |
      Gauntlet |    784 |    784 |      0 |    361 |     45 |   1 |  784.0 |
               +--------+--------+--------+--------+--------+-----+--------+

Top non-repeatable levels by time:
  Lair:2: 2958 daAuts
    D:11: 2458 daAuts
  Lair:6: 2378 daAuts
Depths:1: 2201 daAuts
  Lair:1: 2187 daAuts
     D:8: 2076 daAuts
  Lair:4: 2016 daAuts
     D:9: 1959 daAuts
  Lair:5: 1893 daAuts
   Orc:1: 1793 daAuts
  Lair:3: 1542 daAuts
    D:12: 1439 daAuts
   Orc:2: 1338 daAuts
    D:15: 1298 daAuts
    D:10: 1260 daAuts
